 Dungeon Crawl Stone Soup version 0.20-a0-1103-g26be02c (webtiles) character file.

380109 fullretard the Severer (level 23, -10/309 HPs)
             Began as a Hill Orc Monk on May 4, 2017.
             Was the Champion of Cheibriados.
             Mangled by an Ice Fiend (16 damage)
             ... on level 3 of the Depths.
             The game lasted 02:58:37 (44277 turns).

fullretard the Severer (Hill Orc Monk)             Turns: 44277, Time: 02:58:38

Health: -10/309    AC: 31    Str: 32    XL:     23   Next: 18%
Magic:  38/38      EV:  2    Int: 25    God:    Cheibriados [******]
Gold:   4326       SH: 20    Dex: 33    Spells: 40/45 levels left

rFire    . . .     SeeInvis .   a - +2 broad axe (vamp)
rCold    + . .     Gourm    .   P - +2 shield {reflect}
rNeg     + + +     Faith    .   (armour currently unavailable)
rPois    +         Spirit   .   (helmet currently unavailable)
rElec    .         Reflect  +   (cloak currently unavailable)
rCorr    .         Harm     .   (gloves currently unavailable)
MR       ++...     NoTele   +   (boots currently unavailable)
Stlth    +++.......             E - amulet of regeneration
Regen    1.1/turn               x - ring of protection from cold
MPRegen  0.3/turn               s - ring of protection from magic

@: tree-form, very slow
A: blink, dopey 1, MP-powered wands
}: 1/15 runes: serpentine
a: Blink, Bend Time, Temporal Distortion, Slouch, Step From Time, Renounce
Religion


You were on level 3 of the Depths.
You worshipped Cheibriados.
Cheibriados was exalted by your worship.
You were hungry.
You were a tree.
You visited 7 branches of the dungeon, and saw 35 of its levels.
You visited the Abyss 1 time.
You visited 1 bazaar.

You collected 4326 gold pieces.

Inventory:

Hand Weapons
 a - a +2 vampiric broad axe (weapon)
 b - a +3 scimitar of flaming
 e - a cursed -1 broad axe
 C - the +3 hand crossbow of Demand {velocity, rElec rPois}
   (You found it on level 15 of the Dungeon)

   Any bolt fired from it inflicts extra damage.
   It insulates you from electricity.
   It protects you from poison.
 M - the +7 war axe "Demonslayer" {freeze, MP+9 Str+4 Dex-2 SInv}
   (You found it on level 2 of the Vaults)

   It has been specially enchanted to freeze those struck by it, causing extra
   injury to most foes and up to half again as much damage against particularly
   susceptible opponents.
   It can also slow down cold-blooded creatures.
   It affects your strength (+4).
   It affects your dexterity (-2).
   It affects your magic capacity (+9).
   It lets you see invisible.
Armour
 f - a +1 plate armour of cold resistance
 o - a +0 crystal plate armour (melded)
 u - a +1 cloak of poison resistance (melded)
 y - a +0 helmet of see invisible (melded)
 K - a +2 pair of gloves (melded)
 P - a +2 shield of reflection (worn)
 T - a +0 pair of boots (melded)
Jewellery
 s - a ring of protection from magic (right branch)
 x - a ring of protection from cold (left branch)
 E - an amulet of regeneration (around neck)
 V - an uncursed amulet of magic regeneration
 Z - an uncursed ring of magical power
Wands
 F - a wand of acid (6/15)
 L - a wand of disintegration (15/24)
 O - a wand of scattershot (1/9)
Scrolls
 d - 2 scrolls of enchant weapon
 g - a scroll of brand weapon
 k - 4 scrolls of fear
 p - 10 scrolls of teleportation
 r - 10 scrolls of remove curse
 t - 8 scrolls of enchant armour
 v - 2 scrolls of amnesia
 z - a scroll of summoning
 B - 4 scrolls of fog
 D - 5 scrolls of recharging
 J - 2 scrolls of silence
 N - 5 scrolls of identify
Potions
 h - a potion of might
 l - 8 potions of brilliance
 q - 5 potions of flight
 w - a potion of agility
 A - 5 potions of cancellation
 G - 9 potions of curing
 H - 2 potions of lignification
 I - a potion of invisibility
 R - a potion of ambrosia
 U - 3 potions of magic
 W - a potion of resistance
Books
 Y - a book of Misfortune

   Spells                             Type                      Level
   a - Confusing Touch                Hexes                        1
   b - Confuse                        Hexes                        3
   c - Gell's Gravitas                Translocation                3
   d - Petrify                        Transmutation/Earth          4
   e - Metabolic Englaciation         Hexes/Ice                    5
   f - Yara's Violent Unravelling     Hexes/Transmutation          5
Miscellaneous
 S - a lamp of fire
Comestibles
 c - 15 bread rations
 i - 51 fruits
 m - 14 meat rations
 Q - 19 royal jellies


   Skills:
 + Level 17.3 Fighting
 - Level 18.2 Axes
 - Level 16.2 Armour
 * Level 15.8 Dodging
 - Level 1.5 Stealth
 - Level 16.2 Shields
 + Level 11.7 Spellcasting
 + Level 13.7 Fire Magic
 - Level 13.0 Invocations


You had 40 spell levels left.
You knew the following spells:

 Your Spells              Type           Power        Failure   Level  Hunger
a - Bolt of Magma         Conj/Fire/Erth #####.....   17%         5    ###....


Dungeon Overview and Level Annotations

Branches:
Dungeon (15/15)            Temple (1/1) D:6            Lair (6/6) D:9
 Shoals (0/4) Lair:4        Snake (4/4) Lair:2        Slime (0/5) Lair:5
    Orc (2/2) D:10            Elf (0/3) Orc:2        Vaults (4/5) D:14
  Crypt (0/3) Vaults:3     Depths (3/5) D:15

Altars:
Ashenzari
Cheibriados
Dithmenos
Elyvilon
Fedhas
Gozag
Hepliaklqana
Kikubaaqudgha
Makhleb
Nemelex Xobeh
Okawaru
Qazlal
Ru
Sif Muna
Trog
Uskayaw
Vehumet
Wu Jian
Xom
Yredelemnul
Zin
The Shining One
Beogh
Jiyva

Shops:
D:6 [   D:8 }   D:13 *   Orc:2 %:}(   Vaults:1 *%   Vaults:2 (   Vaults:4 :
Depths:2 :

Portals:
Hell: Depths:1 Depths:2 Depths:3
Pandemonium: Depths:3

Annotations:
D:7 SFR's ghost, novice OgWz
Depths:3 3 runed doors, exclusion: orange crystal statue


Innate Abilities, Weirdness & Mutations

You can translocate small distances at will.
You are dopey. (Int -2)
You expend magic power (3 MP) to strengthen your wands.


Message History

The Ice Fiend freezes you!! You resist.
* * * LOW HITPOINT WARNING * * *
You barely miss the Ice Fiend.
The Ice Fiend is severely wounded.
The Ice Fiend claws you but does no damage.
The Ice Fiend claws you.
* * * LOW HITPOINT WARNING * * *
The Ice Fiend freezes you! You resist.
* * * LOW HITPOINT WARNING * * *
You turn into a tree.
Your +1 cloak of poison resistance melds into your body.
Your +0 helmet of see invisible melds into your body.
Your +2 pair of gloves melds into your body.
Your +0 pair of boots melds into your body.
Your +0 crystal plate armour melds into your body.
You feel less perceptive.
Your roots penetrate the ground.
The Ice Fiend claws you.
* * * LOW HITPOINT WARNING * * *
The Ice Fiend freezes you! You resist.
You die...

###..... ...# +)+..... ...##
####.... #Z..# #### #...# #...#
#...# #.1.#
##############♣..##############
.............).................
.........†.....................
?..............................
##.####.##############...######
#?. #...# ....
#########...###### .....Q
.......>..........
......................[....


You could see an Ice Fiend and a storm dragon zombie.

Vanquished Creatures
  Vashnia (Snake:2)
  A lich (Depths:1)
  A titan (Vaults:4)
  Asterion (Snake:3)
  3 sphinxes
  9 nagarajas
  2 tengu reavers
  2 fire giants
  Donald (Vaults:4)
  9 frost giants
  2 orc warlords (Vaults:4)
  A deep elf sorcerer (Vaults:1)
  A balrug (D:15)
  An angel (Abyss:2)
  9 vault wardens
  A ghoul (Vaults:3)
  5 ironheart preservers
  A spriggan defender (Depths:2)
  11 stone giants
  10 very ugly things
  3 vampire knights
  A deep elf demonologist (Vaults:2)
  Nessos (D:13)
  A deep elf annihilator (Vaults:1)
  A lorocyproca (Abyss:2)
  Azrael (D:12)
  3 spark wasps (Depths:2)
  10 ettins
  2 deep elf death magi
  10 fire dragons
  9 great orbs of eyes
  A blizzard demon (Depths:3)
  11 yaktaur captains
  13 vault guards
  22 naga warriors
  6 rakshasas
  3 ice dragons
  4 hydras
  Erica (Lair:2)
  A hell beast (Depths:2)
  2 spriggan air magi
  6 centaur warriors
  20 ogre magi
  2 catoblepae
  52 two-headed ogres
  7 deep troll shamans
  4 death knights
  7 tengu warriors
  3 vampire magi
  18 anacondas
  5 deep troll earth magi
  Urug (Orc:1)
  4 orc high priests
  2 titan zombies
  A sun demon (Depths:2)
  15 naga sharpshooters
  5 hell knights (D:15)
  11 shock serpents
  2 deep elf knights
  5 iron trolls
  2 shadow wraiths
  2 salamander mystics
  5 skeletal warriors
  A wretched star (Abyss:2)
  10 sea snakes (Snake:4)
  6 glowing orange brains
  6 wizards
  17 deep trolls
  An unseen horror (D:12)
  A sea snake (shapeshifter) (Abyss:2)
  6 flayed ghosts
  A deep elf archer (Vaults:3)
  An orange crystal statue (Orc:2)
  4 phantasmal warriors
  A shadow dragon zombie (Vaults:4)
  10 naga ritualists
  17 harpies
  9 ironbrand convokers
  16 orc knights
  A golden dragon skeleton (Depths:2)
  4 wolf spiders
  58 ugly things
  8 deep elf magi
  6 orc sorcerers
  4 necromancers
  10 mana vipers
  4 cyclopes
  2 manticores
  A salamander (shapeshifter) (Depths:2)
  An elephant (D:9)
  48 black mambas
  A merfolk siren (Lair:4)
  12 salamanders
  A black mamba (shapeshifter) (D:11)
  10 guardian serpents
  A rust devil (Depths:2)
  2 worldbinders
  A frost giant zombie (Depths:3)
  A guardian serpent (shapeshifter) (Vaults:2)
  4 spiny frogs
  9 vault sentinels
  A titan simulacrum (Vaults:4)
  A smoke demon (Abyss:2)
  2 centaur skeletons
  2 human zombies
  A storm dragon simulacrum (Vaults:3)
  A water nymph (shapeshifter) (Vaults:1)
  18 naga magi
  An eye of devastation (Abyss:2)
  6 freezing wraiths
  2 kobold demonologists (D:12)
  44 yaktaurs
  A human skeleton (Vaults:4)
  A rime drake (shapeshifter) (Vaults:4)
  A spark wasp simulacrum (Depths:3)
  7 komodo dragons
  5 hellwings (D:15)
  4 tengu conjurers
  6 ice devils
  A tengu simulacrum (Vaults:4)
  4 red devils
  A queen bee (D:13)
  6 polar bears (Lair:6)
  A wolf spider simulacrum (D:15)
  3 meliai (D:13)
  9 trolls
  7 hornets
  A jumping spider (shapeshifter) (Vaults:2)
  A shadow dragon simulacrum (Depths:2)
  36 slime creatures
  A sphinx simulacrum (Vaults:3)
  11 blink frogs
  A blink frog (shapeshifter) (Vaults:2)
  An ettin zombie (Vaults:4)
  12 hippogriffs
  A flying skull (Vaults:3)
  5 raiju (Abyss:2)
  16 dream sheep
  2 ynoxinuls (Abyss:2)
  13 spriggans (Lair:6)
  An ettin skeleton (Vaults:4)
  9 wraiths
  3 wyverns
  A vampire (D:13)
  A shadow (D:14)
  3 air elementals
  6 basilisks
  A fire elemental (D:12)
  4 fire bats (Lair:5)
  51 yaks
  4 large abominations (Abyss:2)
  A yaktaur simulacrum (Vaults:2)
  3 hungry ghosts
  A chaos spawn (Abyss:2)
  2 neqoxecs (Abyss:2)
  74 nagas
  4 wargs
  A swamp worm (shapeshifter) (Depths:1)
  4 acid dragons
  3 soldier ants
  3 hell hounds (D:13)
  Duvessa (D:7)
  17 water moccasins
  7 porcupines
  50 orc warriors
  10 ice beasts
  4 black bears
  3 eyes of draining
  2 necrophages
  2 phantoms
  3 sky beasts
  34 ogres
  8 boggarts
  24 wolves
  9 centaurs
  13 crocodiles
  Blork the orc (D:4)
  20 bullfrogs
  5 big kobolds
  2 glowing shapeshifter simulacra (Vaults:4)
  A gnoll sergeant (D:7)
  Dowan (D:7)
  2 scorpions
  2 small abominations (Abyss:2)
  12 wights
  34 killer bees
  3 electric eels
  5 howler monkeys (D:6)
  9 crimson imps
  3 bullfrog zombies
  5 bullfrog skeletons
  3 centaur zombies
  3 jellies
  27 orc priests
  11 hounds
  2 human simulacra (Vaults:1)
  4 quasits (Abyss:2)
  Crazy Yiuf (D:2)
  8 iguanas
  An iron imp (Abyss:2)
  Jessica (D:2)
  28 orc wizards
  Natasha (twice) (D:3)
  11 worker ants
  A killer bee zombie (D:10)
  14 adders
  A gnoll (shapeshifter) (Depths:2)
  A worker ant zombie (D:6)
  15 gnolls
  3 shadow imps
  A white imp (Abyss:2)
  3 oozes
  An adder zombie (D:6)
  3 adder skeletons
  A worm (D:7)
  6 leopard geckos
  117 orcs
  7 giant cockroaches
  4 goblins
  10 hobgoblins
  5 jackals (D:4)
  3 quokkas
  6 bats
  2 frilled lizards
  13 kobolds
  A kobold zombie (Abyss:2)
  5 rats
  A plant (Lair:2)
1688 creatures vanquished.

Vanquished Creatures (others)
  A fire giant (Vaults:4)
  A stone giant (Vaults:2)
  5 yaktaur captains
  3 centaur warriors
  2 naga sharpshooters
  A deep elf knight (Vaults:4)
  6 deep elf archers
  A deep elf mage (Vaults:2)
  2 cyclopes
  A naga mage (Snake:3)
  14 yaktaurs
  A tengu conjurer (Depths:2)
  2 nagas (Snake:3)
  2 ogres
  A centaur (D:15)
  An orc (D:11)
  A quokka (D:8)
  A jackal zombie (D:6)
  2 kobolds (D:11)
  3 fungi
  2 plants
53 creatures vanquished.

Grand Total: 1741 creatures vanquished

Notes
Turn   | Place    | Note
-------+----------+-------------------------------------------
     0 | D:1      | fullretard the Hill Orc Monk began the quest for the Orb.
     0 | D:1      | Reached XP level 1. HP: 19/19 MP: 1/1
   114 | D:1      | Reached XP level 2. HP: 27/27 MP: 2/2
   193 | D:1      | Reached skill level 1 in Armour
   492 | D:2      | Noticed Jessica
   503 | D:2      | Killed Jessica
   503 | D:2      | Reached XP level 3. HP: 23/33 MP: 3/3
   602 | D:2      | Reached skill level 5 in Axes
   632 | D:2      | Reached XP level 4. HP: 33/40 MP: 4/4
   665 | D:2      | Found a burning altar of Makhleb.
  1287 | D:2      | Reached XP level 5. HP: 47/47 MP: 5/5
  1304 | D:2      | Found a runed door.
  1394 | D:2      | Noticed Crazy Yiuf
  1400 | D:2      | Killed Crazy Yiuf
  1667 | D:3      | Reached skill level 5 in Fighting
  2006 | D:3      | Reached skill level 6 in Axes
  2023 | D:3      | Found a shadowy altar of Dithmenos.
  2120 | D:3      | Noticed Natasha
  2135 | D:3      | Killed Natasha
  2135 | D:3      | Reached XP level 6. HP: 56/56 MP: 6/6
  2221 | D:3      | Found a snail-covered altar of Cheibriados.
  2230 | D:3      | Became a worshipper of Cheibriados the Contemplative
  2230 | D:3      | Reached * piety under Cheibriados
  2230 | D:3      | Reached ** piety under Cheibriados
  2391 | D:3      | Noticed Natasha
  2397 | D:3      | Killed Natasha
  2472 | D:4      | Found a basalt altar of Yredelemnul.
  2529 | D:4      | Found an ornate altar of the Wu Jian Council.
  2597 | D:4      | Got an ancient lead ring
  2602 | D:4      | Identified the ring "Omapnuh" {*Corrode rF++ Str+2 Dex+4 SInv} (You found it on level 4 of the Dungeon)
  2697 | D:4      | Noticed Blork the orc
  2698 | D:4      | Noticed a phantom
  2713 | D:4      | Killed Blork the orc
  2713 | D:4      | Reached skill level 1 in Invocations
  2733 | D:4      | Reached XP level 7. HP: 57/62 MP: 8/8
  3323 | D:5      | Entered Level 5 of the Dungeon
  3464 | D:5      | Reached skill level 7 in Axes
  3635 | D:5      | Reached *** piety under Cheibriados
  3930 | D:6      | Found Nuohun's Armour Shop.
  3959 | D:6      | Found a staircase to the Ecumenical Temple.
  3995 | D:6      | Reached skill level 5 in Armour
  3995 | D:6      | Reached XP level 8. HP: 64/71 MP: 9/11
  4010 | Temple   | Entered the Ecumenical Temple
  4219 | D:6      | Reached skill level 8 in Axes
  4771 | D:6      | Reached skill level 5 in Invocations
  5347 | D:6      | Reached **** piety under Cheibriados
  5760 | D:6      | Reached XP level 9. HP: 69/76 MP: 13/13
  5889 | D:6      | Reached skill level 9 in Axes
  6044 | D:7      | Noticed Duvessa
  6048 | D:7      | Noticed Dowan
  6061 | D:7      | Killed Duvessa
  6069 | D:7      | Killed Dowan
  6730 | D:7      | Found a shadowy altar of Dithmenos.
  7171 | D:7      | Found a sacrificial altar of Ru.
  7308 | D:7      | Noticed SFR's ghost (novice OgWz)
  7894 | D:8      | Reached skill level 1 in Shields
  8258 | D:8      | Found a radiant altar of Vehumet.
  8315 | D:8      | Found a shattered altar of Ashenzari.
  8368 | D:8      | Found a shimmering altar of Xom.
  8455 | D:8      | Reached skill level 10 in Axes
  8460 | D:8      | Reached ***** piety under Cheibriados
  8465 | D:8      | Reached XP level 10. HP: 91/91 MP: 15/15
  8496 | D:8      | Found a white marble altar of Elyvilon.
  8558 | D:8      | Found Rat Homp's Gadget Shoppe.
  9671 | D:9      | Found a staircase to the Lair.
  9671 | D:9      | Noticed an elephant
  9694 | D:9      | Killed an elephant
  9981 | D:9      | Reached skill level 5 in Shields
 10045 | D:9      | Reached ****** piety under Cheibriados
 10403 | D:9      | Noticed a cyclops
 10419 | D:9      | Killed a cyclops
 10437 | D:10     | Entered Level 10 of the Dungeon
 10544 | D:10     | Reached skill level 11 in Axes
 10583 | D:10     | Reached XP level 11. HP: 87/99 MP: 17/17
 10611 | D:10     | Found a staircase to the Orcish Mines.
 10668 | D:10     | Reached skill level 10 in Fighting
 12154 | D:11     | Reached skill level 10 in Invocations
 12371 | D:11     | Noticed a tengu warrior
 12377 | D:11     | Noticed an orb spider
 12377 | D:11     | a hippogriff changed into an orb spider
 12383 | D:11     | an orb spider changed into a wind drake
 12398 | D:11     | Killed a tengu warrior
 12719 | D:11     | Noticed a cyclops
 12723 | D:11     | Killed a cyclops
 12803 | D:11     | Noticed a cyclops
 12812 | D:11     | Killed a cyclops
 12895 | D:11     | Reached skill level 12 in Axes
 12956 | D:11     | Noticed a two-headed ogre
 12968 | D:11     | Killed a two-headed ogre
 12968 | D:11     | Reached XP level 12. HP: 50/108 MP: 16/19
 13133 | D:11     | Noticed a two-headed ogre
 13150 | D:11     | Killed a two-headed ogre
 13444 | Orc:1    | Entered Level 1 of the Orcish Mines
 13492 | Orc:2    | Entered Level 2 of the Orcish Mines
 13509 | Orc:2    | Found a staircase to the Elven Halls.
 13779 | Lair:1   | Entered Level 1 of the Lair of Beasts
 13956 | Lair:1   | Reached skill level 10 in Armour
 14587 | Lair:2   | Found a staircase to the Snake Pit.
 14774 | Lair:2   | Noticed Erica
 14795 | Lair:2   | Killed Erica
 14815 | Lair:2   | Reached skill level 10 in Shields
 14863 | Lair:2   | Noticed a five-headed hydra
 14871 | Lair:2   | Killed a one-headed hydra
 15952 | Lair:3   | Reached XP level 13. HP: 117/117 MP: 21/21
 16513 | Lair:4   | Reached skill level 13 in Axes
 16837 | Lair:4   | Found a staircase to the Shoals.
 17903 | Lair:5   | Found a viscous altar of Jiyva.
 17903 | Lair:5   | Found a staircase to the Slime Pits.
 18033 | Lair:6   | Entered Level 6 of the Lair of Beasts
 18422 | Lair:6   | Reached XP level 14. HP: 119/127 MP: 23/23
 18508 | Lair:6   | Reached skill level 5 in Dodging
 18932 | Lair:6   | Got a faintly glowing war axe
 18933 | Lair:6   | Identified the +5 war axe of Descent {chop, rC+ Str+3 Int-2} (You found it on level 6 of the Lair of Beasts)
 19202 | Orc:2    | Found a roughly hewn altar of Beogh.
 19348 | Orc:2    | Found a gateway to a bazaar.
 19366 | Bazaar   | Entered a bazaar
 19380 | Bazaar   | Found Ruwnist's Book Emporium.
 19402 | Bazaar   | Found Kixaiwk's Book Shoppe.
 19402 | Bazaar   | Found Qorhinw Gayk's Antique Weapon Emporium.
 19425 | Bazaar   | Found Tityiseb's Jewellery Emporium.
 19671 | Orc:1    | Noticed Urug
 19678 | Orc:1    | Killed Urug
 20647 | Orc:2    | Reached skill level 14 in Axes
 20909 | Orc:2    | Found Qerisim's Food Shoppe.
 20909 | Orc:2    | Found Ipsumiw's Weapon Boutique.
 20911 | Orc:2    | Found Ferchuq's Book Shoppe.
 20911 | Orc:2    | Found Yskaf's Gadget Boutique.
 21319 | Lair:3   | Learned a level 5 spell: Bolt of Magma
 21529 | D:12     | Reached skill level 1 in Fire Magic
 21828 | D:12     | Reached skill level 1 in Spellcasting
 21953 | D:12     | Noticed Azrael
 22130 | D:12     | Killed Azrael
 22380 | D:13     | Noticed Nessos
 22388 | D:13     | Killed Nessos
 22401 | D:13     | Reached XP level 15. HP: 116/136 MP: 24/24
 22638 | D:13     | Found Wuowog's Changing Room.
 23059 | D:14     | Found a gate to the Vaults.
 23300 | D:14     | You fall through a shaft!
 23300 | D:15     | Entered Level 15 of the Dungeon
 23427 | D:14     | Found an iron altar of Okawaru.
 23704 | D:15     | Found an ancient bone altar of Kikubaaqudgha.
 24265 | D:15     | Found a staircase to the Depths.
 25037 | Snake:1  | Entered Level 1 of the Snake Pit
 25186 | Snake:1  | Reached XP level 16. HP: 115/146 MP: 25/25
 25214 | Snake:1  | Reached skill level 15 in Axes
 25482 | Snake:1  | Reached skill level 5 in Fire Magic
 25704 | Snake:1  | Got an ichor-stained trident {drain}
 25705 | Snake:1  | Identified the cursed +3 trident "Trog's Scorn" {drain, rF+ Str+3} (You took it off a naga on level 1 of the Snake Pit)
 26409 | Snake:2  | Noticed Vashnia
 26801 | Snake:2  | Killed Vashnia
 27060 | Snake:2  | Noticed a nagaraja
 27061 | Snake:2  | Noticed a nagaraja
 27072 | Snake:2  | Killed a nagaraja
 27073 | Snake:2  | Noticed a nagaraja
 27085 | Snake:2  | Killed a nagaraja
 28309 | Snake:2  | Reached XP level 17. HP: 126/154 MP: 26/26
 29344 | D:15     | Reached skill level 5 in Spellcasting
 29366 | D:15     | Got a pitted hand crossbow
 29367 | D:15     | Identified the cursed +3 hand crossbow of Demand {velocity, rElec rPois} (You found it on level 15 of the Dungeon)
 29590 | Snake:2  | Upgraded the game from 0.20-a0-1089-g3fde505 to 0.20-a0-1101-g1de9d76
 29744 | Snake:3  | Reached skill level 10 in Dodging
 29837 | Snake:3  | Reached skill level 15 in Fighting
 30774 | Snake:3  | Noticed Asterion
 30809 | Snake:3  | Killed Asterion
 31156 | Snake:4  | Entered Level 4 of the Snake Pit
 31157 | Snake:4  | Found a deep blue altar of Sif Muna.
 31790 | Snake:4  | Reached XP level 18. HP: 118/163 MP: 22/28
 32066 | Snake:4  | Got a serpentine rune of Zot
 32916 | Vaults:1 | Entered Level 1 of the Vaults
 33490 | Vaults:1 | Found Lux Fimu's General Store.
 33586 | Vaults:1 | Found Feenup's Food Shoppe.
 33684 | Vaults:1 | Cast into level 2 of the Abyss (a deep elf sorcerer)
 33986 | Abyss:2  | Gained mutation: You expend magic power (3 MP) to strengthen your wands. [a neqoxec]
 33989 | Abyss:2  | Gained mutation: You can translocate small distances at will. [a neqoxec]
 33998 | Abyss:2  | Gained mutation: You are dopey. (Int -2) [a neqoxec]
 34026 | Abyss:2  | Reached XP level 19. HP: 170/170 MP: 31/31
 34310 | Vaults:1 | Escaped the Abyss
 35169 | Vaults:2 | Reached skill level 15 in Shields
 35335 | Vaults:2 | Reached skill level 15 in Armour
 35402 | Vaults:2 | Got a twisted war axe
 35627 | Vaults:2 | Reached skill level 16 in Axes
 35751 | Vaults:2 | Noticed a Tzitzimitl
 35945 | Vaults:2 | Found Jokketom's Antique Weapon Shoppe.
 35983 | Vaults:2 | Reached skill level 10 in Fire Magic
 36282 | Vaults:2 | Identified the +7 war axe "Demonslayer" {freeze, MP+9 Str+4 Dex-2 SInv} (You found it on level 2 of the Vaults)
 36388 | Vaults:3 | Found a staircase to the Crypt.
 36596 | Vaults:3 | Reached XP level 20. HP: 152/179 MP: 33/33
 37825 | Vaults:4 | Found Gadaunai's Book Shop.
 38088 | Vaults:4 | Reached skill level 10 in Spellcasting
 38322 | Vaults:4 | Noticed Donald
 38356 | Vaults:4 | Reached skill level 17 in Axes
 38356 | Vaults:4 | Killed Donald
 38356 | Vaults:4 | Reached XP level 21. HP: 64/188 MP: 29/35
 40132 | Depths:1 | Entered Level 1 of the Depths
 40156 | D:15     | Paralysed by a vampire knight for 2 turns
 40189 | D:15     | Upgraded the game from 0.20-a0-1101-g1de9d76 to 0.20-a0-1103-g26be02c
 40531 | Depths:1 | Reached XP level 22. HP: 196/196 MP: 37/37
 40952 | Depths:1 | Reached skill level 18 in Axes
 41037 | Depths:1 | Found a gateway to Hell.
 41561 | Depths:1 | Reached skill level 15 in Dodging
 41717 | Depths:2 | Found Keink's Book Shoppe.
 43649 | Depths:3 | Noticed Mara
 43652 | Depths:3 | Noticed fullretard's illusion
 43677 | Depths:3 | Reached XP level 23. HP: 122/206 MP: 25/38
 43864 | Depths:3 | Found a one-way gate leading to the halls of Pandemonium.
 44090 | Depths:3 | Found a runed gate.
 44091 | Depths:3 | Found a runed gate.
 44092 | Depths:3 | Found a runed gate.
 44093 | Depths:3 | Found a runed gate.
 44093 | Depths:3 | Found a runed gate.
 44093 | Depths:3 | Found a runed gate.
 44107 | Depths:3 | HP: 10/206 [blizzard demon/bolt of cold (15)]
 44118 | Depths:3 | HP: 10/206 [tengu conjurer/bolt of magma (10)]
 44276 | Depths:3 | HP: 5/206 [Ice Fiend (9)]
 44277 | Depths:3 | Mangled by an Ice Fiend

Vault maps used:
D:1:      dpeg_arrival_radiant
D:2:      makhleb_heckhound_becter, st_stairs_14, uniq_jessica,
          uniq_crazy_yiuf_cottage
D:3:      lemuel_round_altar, nicolae_dithmenos_through_a_glass_darkly,
          uniq_natasha
D:4:      kennysheep_little_box, lemuel_round_altar, first_bread,
          roderic_serpentine_path, minivault_19, uniq_blork_the_orc
D:6:      cheibrodos_helix_gallery, minmay_temple_entry_grid, serial_shops, shop
D:7:      nicolae_overflow_crystal_walls, nicolae_ru_sacrificial_ziggurat,
          uniq_duvessa
D:8:      xom_teletrap_fun, nicolae_overflow_hidden_temple, elyvilon_altar_4,
          ashenzari_altar_1, enter_bailey_2, serial_shops, shop
D:9:      david_lair_generic
D:10:     david_orc_1_choice
D:11:     minmay_blocky_corners, serial_glass, glass_columns_a, glass_columns_a,
          glass_columns_b, glass_columns_b, glass_columns_c, glass_columns_b,
          glass_columns_b, glass_columns_c
D:12:     blue_anna_alchemist, uniq_azrael
D:13:     nicolae_transmutations_shop, uniq_nessos
D:14:     lightli_vaults_fourway_checkpoint, nicolae_water_bricks,
          minmay_gold_behind_fungi, hex_medium, okawaru_ov_weapons_minmay
D:15:     hangedman_depths_entry_civil_slaughter, basic_altar
Temple:   dshaligram_water_room_temple
Lair:1:   grunt_megastairs_2
Lair:2:   dummy_snake_entry, st_stairs_6, serial_bayou_shore_b, uniq_erica
Lair:3:   lemuel_fruit_fields
Lair:4:   minmay_shoals_entry_lonely_mermaid
Lair:5:   dpeg_slime_entry_enclosed_altar, serial_bayou_shore_a
Lair:6:   minmay_lair_end_enchanted_forest, columned_hall_lemuel
Snake:1:  grunt_megastairs_4
Snake:2:  st_stairs_13, serial_bayou_pond_d, guppyfry_library_mini, uniq_vashnia
Snake:3:  spider_trap, uniq_asterion
Snake:4:  grunt_snake_rune_pools, basic_altar
Orc:1:    uniq_urug
Orc:2:    grunt_orc_tribal_feast, serial_shops, statue_bzr, mines1_david
Vaults:1: vaults_room_mumra_shop_pool, hangedman_vaults_maws,
          hangedman_vaults_stitches, vaults_room_pools, v_misc_25,
          nicolae_vaults_network_star, v_misc_8, v_misc_5,
          vaults_room_door_ring, vaults_room_grid, serial_shops,
          nicolae_shop_temple_entry_statues_fountains
Vaults:2: nicolae_vaults_circle_grid_b, ontoclasm_vaults_twist,
          dpeg_vaults_monster_box, v_misc_8, v_alt_pattern_6, vaults_dpeg_hooks,
          hangedman_vaults_nails, v_misc_28, serial_shops, shop
Vaults:3: v_misc_3, vaults_mumra_minichess_inversion, v_misc_25,
          vaults_standard_mumra_enter_the_diamond, nicolae_vaults_what_the_h,
          minmay_crypt_entry_simple_sparse, nicolae_vaults_circle_grid_b,
          v_misc_12, hangedman_vaults_impose, grunt_vaults_hallway_short,
          v_misc_14, v_misc_29, vaults_room_hallway
Vaults:4: vaults_room_door_ring, vaults_standard_mumra_lines,
          vaults_room_grunt_arrival_ludios, grunt_vaults_hallway_long,
          hangedman_vaults_river_flow, vaults_room_corners, vaults_room_corners,
          v_misc_29, hangedman_vaults_stretched_pinwheel, st_greater_box_5,
          vaults_dpeg_ring, vaults_mumra_chevron, nicolae_vaults_specimen_jars,
          vaults_room_stairs_pillars, serial_shops, shop, uniq_donald
Depths:1: hellmouth_3, serial_sigils, serial_sigils_hangedman_snap,
          serial_sigils_hangedman_confine, serial_sigils_hangedman_writhe,
          serial_sigils_hangedman_shear, serial_sigils_hangedman_shear,
          serial_sigils_hangedman_shear, spider_trap, grunt_decor_one_mirror,
          kennysheep_generic_room_6
Depths:2: kennysheep_room_grid, serial_shops, shop, kennysheep_crisscross,
          grunt_mini_vestibule
Depths:3: minmay_gate_of_8, hellmouth_1, serial_glass, glass_columns_c,
          glass_columns_c, pan_entry, nicolae_abyss_entry_one_way_or_another,
          corexii_corridor_pit, minivault_16, minmay_tree_intersection,
          brannock_guarded_unrand_thermic_engine, uniq_mara
Bazaar:   bazaar_short_row

Skill      XL: |  1  2  3  4  5  6  7  8  9 10 11 12 13 14 15 16 17 18 19 20 21 22 |
---------------+-------------------------------------------------------------------+-----
Armour         | 1 2 3 4 5 6 7 8 9 10 11 12 13 14 15 16 | 16.2
Fighting       | 4 5 6 7 9 10 11 12 13 14 15 16 17 | 17.3
Axes           | 5 6 7 8 10 11 12 13 14 15 16 17 18 | 18.2
Invocations    | 2 4 5 7 9 10 11 12 13 | 13.0
Shields        | 2 6 8 10 11 12 13 14 15 16 | 16.2
Dodging        | 4 6 8 9 11 12 13 14 15 | 15.8
Fire Magic     | 2 4 6 7 9 10 11 12 13 | 13.7
Spellcasting   | 1 3 4 6 8 9 10 11 | 11.7
Stealth        | |  1.5

Action                   |  1- 3 |  4- 6 |  7- 9 | 10-12 | 13-15 | 16-18 | 19-21 | 22-24 || total
-------------------------+-------+-------+-------+-------+-------+-------+-------+-------++-------
Melee: Hand axe          |    67 |    40 |       |       |       |       |       |       ||   107
       Whip              |       |    90 |   618 |   637 |       |       |       |       ||  1345
       Quarterstaff      |       |    18 |       |       |       |       |       |       ||    18
       War axe           |       |       |       |   245 |  1075 |   713 |       |       ||  2033
       Scimitar          |       |       |       |     6 |    22 |       |       |       ||    28
       Broad axe         |       |       |       |       |       |   807 |  1655 |   875 ||  3337
Invok: Slouch            |       |       |       |     3 |     8 |     4 |     4 |     4 ||    23
Evoke: Wand              |       |       |       |     3 |       |       |       |       ||     3
       Lamp of fire      |       |       |       |     1 |       |       |       |       ||     1
  Use: Scroll            |       |     5 |     2 |     7 |     9 |    13 |     8 |     6 ||    50
       Potion            |       |     1 |     1 |     1 |     2 |     2 |     3 |     6 ||    16
 Stab: Sleeping          |     1 |     1 |       |       |       |       |       |       ||     2
       Petrified         |       |       |       |       |       |       |    17 |       ||    17
  Eat: Chunk             |       |     5 |     9 |    15 |    19 |    13 |    11 |     8 ||    80
       Fruit             |       |       |     3 |       |     1 |     6 |     4 |     1 ||    15
       Royal jelly       |       |       |     1 |     1 |       |     2 |     1 |       ||     5
       Bread ration      |       |       |       |       |       |       |     1 |       ||     1
Armor: Robe              |    10 |     2 |       |       |       |       |       |       ||    12
       Plate armour      |       |   109 |   393 |   360 |   381 |    91 |       |       ||  1334
       Crystal plate arm |       |       |       |       |       |   448 |   734 |   362 ||  1544
       Skin              |       |       |       |       |       |     7 |       |       ||     7
Dodge: Dodged            |    39 |    35 |   187 |   205 |   389 |   728 |  1211 |   567 ||  3361
Block: Shield            |       |       |    33 |   571 |  1103 |  1588 |  1940 |   916 ||  6151
       Reflection        |       |       |       |     6 |    51 |   153 |   143 |    36 ||   389
       Rpst.: Scimitar   |       |       |       |       |     1 |       |       |       ||     1
